Map: Ephemeron LE

Players

ViBE - Winner!

  • Race: Zerg Zerg
  • League: Grandmaster
  • Spawn Location: 11:00

Chappy

  • Race: Zerg Zerg
  • League: Master
  • Spawn Location: 5:00

VOD

Have the link to the VOD?

Description

Time

  • Played on: Oct. 27, 2019, 9:02 p.m.
  • Length: 4:55
Show
View Real Time Build Order
Export as new Build Order

ViBE Zerg - Winner!

Build Orders: Pool First 

Get SALT Encoding   

  12  0:18  Spawning Pool  
  11  0:23  Drone  
  11  0:26  Drone  
  13  0:31  Drone  
  14  0:40  Overlord  
  14  1:05  Zergling x4  
  14  1:07  Zergling x2  
  17  1:17  Hatchery  
  16  1:21  Zergling x2  
  17  1:29  Zergling x2  
  18  1:34  Extractor  
  18  1:39  Queen  
  19  1:44  Zergling x2  
  20  1:51  Zergling x2  
  21  2:04  Overlord  
  21  2:22  Drone  
  22  2:37  Drone  
  22  2:38  Drone x2  
  24  2:50  Metabolic Boost  
  23  2:52  Drone  
  23  2:53  Drone x2  
  26  3:03  Baneling Nest  
  25  3:08  Queen  
  27  3:13  Drone  
  27  3:15  Drone  
  29  3:23  Drone  
  29  3:24  Drone  
  31  3:32  Drone  
  31  3:33  Drone x2  
  33  3:51  Baneling x3  
  33  3:52  Baneling  
  33  3:54  Zergling x4  
  35  4:06  Overlord  
  35  4:07  Overlord  
  34  4:28  Zergling x2  
  34  4:29  Zergling x18  
Show
View Real Time Build Order
Export as new Build Order

Chappy Zerg 

Build Orders: Hatch First 

Get SALT Encoding   

  12  0:00  Drone  
  13  0:12  Overlord  
  13  0:18  Drone  
  14  0:30  Drone  
  14  0:31  Drone  
  16  0:49  Hatchery  
  15  0:52  Drone  
  15  0:55  Drone  
  17  0:59  Drone  
  18  1:09  Extractor  
  17  1:14  Spawning Pool  
  17  1:17  Drone  
  17  1:20  Drone  
  18  1:29  Drone  
  19  1:41  Drone  
  20  2:01  Zergling x6  
  20  2:03  Queen  
  20  2:04  Queen  
  27  2:11  Zergling x2  
  26  2:16  Zergling x2  
  26  2:24  Zergling x2  
  23  2:41  Zergling x2  
  23  2:42  Zergling x4  
  21  3:08  Overlord  
  21  3:14  Overlord  
  21  3:29  Drone x3  
  24  3:50  Drone  
  24  3:51  Lair  
  25  3:59  Drone  
  26  4:09  Zergling x2  
  23  4:12  Spine Crawler  
  23  4:17  Zergling x8  
  20  4:37  Drone  
Tags
 
Add a new tag
Caveats
  • Supply blocks, unpowered buildings, or Contaminate may cause inaccurate times.
  • Supply counts are checked every 10 seconds.